 Dungeon Crawl Stone Soup version 0.30.1-9-gdf580d7c3d (webtiles) character file.

Game seed: 9632585193284604239

6401 ChiefBigBeans the Basher (level 10, -4/106 HPs)
             Began as a Troll Berserker on Sept 26, 2023.
             Was a High Priest of Trog.
             Slain by an ogre
             ... wielding a +0 giant spiked club
              (28 damage)
             ... on level 7 of the Dungeon on Sept 27, 2023.
             The game lasted 00:19:46 (5318 turns).

ChiefBigBeans the Basher (Troll Berserker)          Turns: 5318, Time: 00:19:46

Health: -4/106     AC:  8    Str: 25    XL:     10   Next: 66%
Magic:  10/10      EV: 10    Int:  3    God:    Trog [*****.]
Gold:   712        SH:  0    Dex: 11    Spells: 9/9 levels left

rFire   . . .        c - +1 giant club (spect)
rCold   . . .        (shield currently unavailable)
rNeg    . . .        v - +0 steam dragon scales
rPois   .            p - +1 hat "Puemoib" {+Blink Regen+ Str-4 Slay+5}
rElec   .            (no cloak)
rCorr   .            (gloves unavailable)
SInv    .            (boots unavailable)
Will    .....        t - amulet of the acrobat
Stlth   +            (no ring)
HPRegen 1.97/turn    (no ring)
MPRegen 0.12/turn

%: acrobat
@: on blink cooldown, slowed, very slow
A: large, unfitting armour, claws 3, regeneration 1, shaggy fur 1, tough skin 1,
fangs 1, talons 1, high MP 1
a: Renounce Religion, Evoke Blink, Berserk, Trog's Hand, Brothers in Arms


You were on level 7 of the Dungeon.
You worshipped Trog.
Trog was extremely pleased with you.
You visited 1 branch of the dungeon, and saw 10 of its levels.
You also visited: Ossuary.

You collected 712 gold pieces.

Inventory:

Hand Weapons
 c - a +1 spectral giant club (weapon)
Armour
 l - a +2 robe of the Archmagi
 p - the +1 hat "Puemoib" (worn) {+Blink Regen+ Str-4 Slay+5}
   (You acquired it on level 6 of the Dungeon)

   Str:       It affects your strength (-4).
   Slay:      It affects your accuracy & damage with ranged weapons and melee
   (+5).
   +Blink:    It lets you blink.
   Regen:     It increases your rate of health regeneration.
 v - +0 steam dragon scales (worn)
Jewellery
 t - an amulet of the acrobat (around neck)
Wands
 e - a wand of flame (11)
Scrolls
 a - a scroll of fog {unknown}
 b - a scroll of teleportation
 d - a scroll of blinking {unknown}
Potions
 f - 4 potions of heal wounds
 i - 2 potions of haste
 j - a potion of curing
 m - 3 potions of magic
 n - 2 potions of brilliance
 q - a potion of resistance
 r - a potion of might


   Skills:
 + Level 8.5 Fighting
 * Level 11.6 Maces & Flails
 - Level 2.4 Dodging
 - Level 4.4 Unarmed Combat


You had 9 spell levels left.
You didn't know any spells.
Your spell library was empty.

Dungeon Overview and Level Annotations

Branches:
Dungeon (10/15)            Temple (0/1) D:4            Lair (0/5) D:8
    Orc (0/2) D:9         Ossuary (visited)

Altars:
Kikubaaqudgha
Makhleb
Qazlal
Uskayaw
The Shining One

Shops:
D:1 *

Annotations:
D:5 2 transporters


Innate Abilities, Weirdness & Mutations

You are too large for most types of armour.
You have claws for hands.
Your natural rate of healing is unusually fast.
You are covered in fur. (AC +1)
You have tough skin. (AC +1)
You have very sharp teeth.
You have sharp toenails.
You have an increased reservoir of magic. (+10% MP)


Message History

You bludgeon the kobold brigand!!
You kill the kobold brigand!
Trog accepts your kill.
Your +1 spectral giant club disappears.
You feel sick.
The orc warrior hits you with a +0 flail!
The orc wizard hits you but does no damage.
The ogre closely misses you. The orc warrior closely misses you.
The orc wizard closely misses you.
You are too injured to fight recklessly!
You feel much better.
You feel sick.
You are no longer poisoned.
The ogre barely misses you. The orc warrior closely misses you.
The cyclops barely misses you.
The orc wizard points at you and mumbles some strange words.
You easily resist.
You thump the orc wizard! Your kick misses the orc wizard.
The orc wizard is severely wounded.
Your +1 spectral giant club hits the orc wizard!!
You kill the orc wizard!
Trog accepts your kill.
Trog appreciates your killing of a magic user.
The orc warrior hits you with a +0 flail!
The ogre hits you with a +0 giant spiked club!
The gnoll sergeant hits you from afar with a +0 spear!
The cyclops hits you!!
* * * LOW HITPOINT WARNING * * *
The orc warrior barely misses you.
The gnoll sergeant hits you from afar with a +0 spear.
* * * LOW HITPOINT WARNING * * *
You blink.
Found a short sword.
Your +1 spectral giant club disappears.
The ogre closely misses you.
The gnoll sergeant hits you from afar with a +0 spear.
* * * LOW HITPOINT WARNING * * *
You feel much better.
The orc warrior hits you with a +0 flail!
* * * LOW HITPOINT WARNING * * *
The ogre hits you with a +0 giant spiked club!!
You die...

~~~~~~~~~~~~~~~~~~~~~~~~~*****~~,
,,,,,,,,,,,,,,,,,,,,,,,,,*,,,*~~,
***********####******#####,,,*~~,
,+,,,,*,,)#*)..* *....#+###≈~.
,********...,########....#,#.~≈~.
,,,,,,,,*....#.).....)...#,#.~≈≈.
*,,,,,,,,.~~..g)C)...#++**,#.~~~.
*,,,,,,,,.~~...Oo....#,,,,,#.~~~.
*,,,,,,,*....#..@....#,,,,,#.~≈~.
*'***###############'#****,#.~≈≈.
*,,,,...'....)....)..#,,,*,#.~≈~.
*,,,,,..#....#)......#,*,,,#.≈≈~.
*,,,,,,,#....#.......#,,,#+###≈~P
#########''''#############...#≈~.
.........................#.oo#≈~.
~~~~~~~~~....~~~~≈~~~≈~~≈#####≈~.
≈≈≈≈≈~~≈~..).~≈≈≈≈~≈≈≈≈≈≈≈≈≈≈≈≈~.


You could see a cyclops, an orc warrior, an ogre and a gnoll sergeant.

Vanquished Creatures
  A two-headed ogre (D:9)
  Pikel (D:4)
  Maggie (D:7)
  Grinder (D:4)
  Sigmund (D:4)
  2 steam dragons (D:7)
  4 wargs (D:9)
  Duvessa (D:7)
  4 water moccasins
  3 orc warriors
  3 sky beasts (D:7)
  An ice beast (D:7)
  4 black bears
  3 ogres
  A phantom (D:5)
  2 centaurs
  Blork the orc (D:4)
  A kobold brigand (D:7)
  A bullfrog (D:7)
  3 scorpions
  A water moccasin zombie (Ossuary)
  8 wights
  Dowan (D:7)
  2 howler monkeys (D:7)
  A bullfrog zombie (Ossuary)
  2 centaur zombies (Ossuary)
  5 hounds
  2 jellies
  A gnoll bouda (D:7)
  6 orc priests
  2 sleepcaps
  Terence (D:2)
  An iguana (D:5)
  2 scorpion zombies (Ossuary)
  4 orc wizards
  3 ogre zombies (Ossuary)
  Robin (D:2)
  10 adders
  A gnoll (D:7)
  A shadow imp (D:7)
  A white imp (D:7)
  An ufetubus (D:5)
  3 adder zombies (Ossuary)
  2 worms (D:2)
  4 dart slugs
  16 orcs
  5 bats
  6 endoplasms
  3 giant cockroaches
  2 gnoll zombies (Ossuary)
  6 hobgoblins
  6 quokkas
  6 ball pythons
  3 frilled lizards
  11 goblins
  7 goblin zombies (Ossuary)
  5 hobgoblin zombies (Ossuary)
  7 kobolds
  4 orc zombies (Ossuary)
  5 rats
197 creatures vanquished.

Vanquished Creatures (others)
  A sky beast (D:7)
1 creature vanquished.

Grand Total: 198 creatures vanquished

Notes
Turn   | Place    | Note
-------+----------+-------------------------------------------
     0 | D:1      | ChiefBigBeans the Troll Berserker began the quest for the
                  | Orb.
     0 | D:1      | Reached XP level 1. HP: 22/22 MP: 0/0
   294 | D:1      | Reached XP level 2. HP: 29/29 MP: 1/1
   407 | D:1      | Found Hetec's Assorted Antiques.
   630 | D:1      | Reached ** piety under Trog
   849 | D:2      | Reached XP level 3. HP: 33/37 MP: 2/2
   921 | D:2      | Noticed Terence
   931 | D:2      | Killed Terence
  1044 | D:2      | Reached XP level 4. HP: 42/45 MP: 3/3
  1077 | D:2      | Found a stormy altar of Qazlal.
  1178 | D:2      | Noticed Robin
  1185 | D:2      | Killed Robin
  2066 | D:3      | Gained mutation: You are somewhat resistant to further
                  | mutation. [potion of mutation]
  2066 | D:3      | Gained mutation: You are clumsy. (Dex -2) [potion of
                  | mutation]
  2067 | D:3      | Identified a scroll of acquirement
  2068 | D:3      | Acquired a +1 spectral giant club
  2120 | D:4      | Noticed Grinder
  2120 | D:4      | Paralysed by Grinder for 5 turns
  2131 | D:4      | Killed Grinder
  2132 | D:4      | Reached skill level 2 in Maces & Flails
  2132 | D:4      | Reached XP level 5. HP: 34/54 MP: 4/4
  2132 | D:4      | Reached XP level 6. HP: 39/62 MP: 5/5
  2179 | D:4      | Reached *** piety under Trog
  2180 | D:4      | Reached skill level 3 in Maces & Flails
  2229 | D:4      | Reached skill level 4 in Maces & Flails
  2229 | D:4      | Reached XP level 7. HP: 66/71 MP: 6/6
  2323 | D:4      | Noticed Pikel
  2356 | D:4      | Killed Pikel
  2357 | D:4      | Reached skill level 5 in Fighting
  2357 | D:4      | Reached skill level 5 in Maces & Flails
  2357 | D:4      | Reached XP level 8. HP: 80/80 MP: 7/7
  2796 | D:4      | Noticed Sigmund
  2796 | D:4      | Noticed Blork the orc
  2801 | D:4      | Killed Blork the orc
  2802 | D:4      | Reached skill level 6 in Maces & Flails
  2809 | D:4      | Killed Sigmund
  2913 | D:4      | Found a staircase to the Ecumenical Temple.
  3056 | D:5      | Entered Level 5 of the Dungeon
  3209 | D:5      | Reached skill level 7 in Maces & Flails
  3238 | D:5      | Lost mutation: You are somewhat resistant to further
                  | mutation. [potion of mutation]
  3238 | D:5      | Lost mutation: You are clumsy. (Dex -2) [potion of
                  | mutation]
  3238 | D:5      | Gained mutation: You have hidden genetic potential. [potion
                  | of mutation]
  3238 | D:5      | Gained mutation: You have sharp toenails. [potion of
                  | mutation]
  3319 | D:5      | Found a hide-covered altar of Uskayaw.
  3416 | D:5      | Noticed a gargoyle
  3417 | D:5      | Found a burning altar of Makhleb.
  3422 | D:5      | Found a transporter.
  3446 | D:5      | Found a transporter.
  3639 | D:6      | Reached XP level 9. HP: 92/92 MP: 8/8
  3734 | D:6      | Reached skill level 8 in Maces & Flails
  3783 | D:6      | Found a glowing golden altar of the Shining One.
  3800 | D:6      | Found a sand-covered staircase.
  3809 | Ossuary  | Entered an ossuary
  3854 | Ossuary  | Reached **** piety under Trog
  3923 | Ossuary  | Noticed a silent spectre
  3958 | D:6      | Acquired the +1 hat "Puemoib" {+Blink Regen+ Str-4 Slay+5}
  4291 | D:7      | Gained mutation: You have very sharp teeth. [hidden
                  | potential]
  4341 | D:7      | Reached skill level 9 in Maces & Flails
  4357 | D:7      | Noticed Maggie
  4370 | D:7      | Killed Maggie
  4440 | D:7      | Reached skill level 10 in Maces & Flails
  4605 | D:7      | Reached XP level 10. HP: 102/104 MP: 9/9
  4609 | D:7      | Noticed Duvessa
  4610 | D:7      | Noticed Dowan
  4615 | D:7      | Killed Duvessa
  4624 | D:7      | Killed Dowan
  4897 | D:7      | You fall into a shaft and drop 3 floors!
  4897 | D:10     | Entered Level 10 of the Dungeon
  5003 | D:9      | Found a staircase to the Orcish Mines.
  5020 | D:9      | Gained mutation: You have an increased reservoir of magic.
                  | (+10% MP) [hidden potential]
  5020 | D:9      | Lost mutation: You have hidden genetic potential. [hidden
                  | potential expressed]
  5043 | D:9      | Reached ***** piety under Trog
  5089 | D:9      | Noticed a two-headed ogre
  5093 | D:9      | Killed a two-headed ogre
  5094 | D:9      | Reached skill level 11 in Maces & Flails
  5125 | D:9      | Found an ancient bone altar of Kikubaaqudgha.
  5167 | D:8      | Found a staircase to the Lair.
  5305 | D:7      | Noticed a cyclops
  5318 | D:7      | Slain by an ogre

Illustrated notes

Levels and vault maps discovered:
D:1:      psy_arrival_radial01, layout_loops_ring, serial_shops,
          nicolae_shop_crystal, minmay_tromino_v4_b
D:2:      layout_loops_ring, basic_altar, uniq_robin, uniq_terence
D:3:      layout_basic
D:4:      layout_loops_ring, temple_hall, uniq_pikel, uniq_grinder,
          uniq_sigmund, uniq_blork_the_orc
D:5:      layout_rooms, nicolae_uskayaw_murder_on_the_dancefloor,
          gammafunk_temple_overflow_arena
D:6:      layout_basic, tso_oasis_becter, nicolae_ossuary_entry_ruins
D:7:      lemuel_castle_with_subvaults [lemuel_castle_interior_carwin_3],
          layout_cave_pods, hangedman_misty_isle, uniq_maggie, uniq_duvessa
D:8:      layout_basic, lair_entry_dummy, enter_bailey_3
D:9:      nicolae_cairo_tiling_very_big, layout_loops_cross,
          overflow_temple_1_default, mainiacjoe_overflow_small_starburst,
          nicolae_qazlal_eye_of_the_storm, xom_butterflies,
          minmay_orc_entry_guard_dogs, serial_shops, shop_fountains
D:10:     layout_gridville, chequers_temple_overflow_minitemple,
          gammafunk_ghost_nasty_kobolds

Skill      XL: |  1  2  3  4  5  6  7  8  9 10 |
---------------+-------------------------------+-----
Fighting       | 3 4 5 6 7 8 |  8.5
Unarmed Combat | 4 |  4.4
Maces & Flails | 2 4 5 7 10 11 | 11.6
Dodging        | |  2.4

Action                     |  1- 3 |  4- 6 |  7- 9 | 10-12 || total
---------------------------+-------+-------+-------+-------++-------
  Melee: Unarmed           |    76 |    59 |       |       ||   135
         Punch             |     1 |     1 |       |       ||     2
         Giant club        |       |    36 |   165 |    66 ||   267
         Kick              |       |       |    38 |    16 ||    54
         Bite              |       |       |     5 |     7 ||    12
 Invoke: Berserk           |       |       |     1 |       ||     1
Ability: Evoke Blink       |       |       |       |     1 ||     1
    Use: Potion            |     2 |     4 |     4 |     2 ||    12
         Scroll            |     2 |     2 |     9 |       ||    13
   Stab: Sleeping          |     1 |       |       |       ||     1
 Armour: Animal skin       |    26 |    52 |     6 |       ||    84
         Robe              |       |       |    66 |       ||    66
         Steam dragon scal |       |       |     2 |    17 ||    19
  Dodge: Dodged            |    30 |    85 |    96 |    58 ||   269
